 Dungeon Crawl Stone Soup version 0.27.1-34-g3ba077fa99 (webtiles) character file.

Game seed: 188743799942005818

591 pkoi the Martial Artist (level 7, -6/53 (57) HPs)
             Began as a Yellow Draconian Monk on Jan 7, 2022.
             Mangled by a wight (14 damage)
             ... on level 6 of the Dungeon.
             The game lasted 00:06:27 (5162 turns).

pkoi the Martial Artist (Yellow Draconian Monk)     Turns: 5162, Time: 00:06:28

HP:   -6/53 (57)    AC:  6    Str: 13      XL:     7   Next: 16%
MP:   7/7           EV: 12    Int: 11 (13) God:
Gold: 259           SH:  0    Dex: 12 (13) Spells: 6/6 levels left

rFire    + . .     SeeInvis .     - Unarmed
rCold    . . .     Faith    .   (no shield)
rNeg     . . .     Spirit   .   (armour unavailable)
rPois    .         Reflect  .   (helmet restricted)
rElec    .         Harm     .   (no cloak)
rCorr    +         Rampage  .   (no gloves)
Will     .....                  (no boots)
Stlth    ++........             (no amulet)
HPRegen  0.17/turn              u - ring of protection from fire
MPRegen  0.10/turn              (no ring)

@: short of breath, drained
A: spit acid, AC +6, unfitting armour, cold-blooded, acid resistance
a: Breathe Acid


You were on level 6 of the Dungeon.
You visited 2 branches of the dungeon, and saw 7 of its levels.

You collected 259 gold pieces.

Inventory:

Hand Weapons
 c - a +0 whip
 j - a +1 short sword of speed
 l - a +2 spear of venom
 q - a +2 short sword of electrocution
Missiles
 b - a throwing net
 g - 17 poisoned darts (quivered)
Jewellery
 u - a ring of protection from fire (left hand)
Wands
 m - a wand of digging (6)
Scrolls
 a - a scroll of magic mapping
 f - a scroll of enchant armour
 i - a scroll of teleportation
 r - a scroll of immolation
Potions
 d - a potion of flight
 h - 2 potions of curing
 p - a potion of mutation


   Skills:
 - Level 3.2 Fighting
 - Level 2.6 Dodging
 - Level 1.7 Stealth
 + Level 8.3 Unarmed Combat


You had 6 spell levels left.
You didn't know any spells.
Your spell library contained the following spells:

 Spells                   Type           Power      Damage    Failure   Level
 Corona                   Hex            0%         N/A       34%         1
 Sandblast                Erth           0%         2d4       34%         1
 Ensorcelled Hibernation  Hex/Ice        0%         N/A       47%         2
 Passwall                 Tmut/Erth      0%         N/A       47%         2
 Slow                     Hex            0%         N/A       47%         2
 Sublimation of Blood     Necr           0%         N/A       47%         2
 Wereblood                Tmut           0%         N/A       47%         2
 Confusing Touch          Hex            0%         N/A       71%         3
 Tukima's Dance           Hex            0%         N/A       71%         3
 Vampiric Draining        Necr           0%         2d6       71%         3
 Lee's Rapid Deconstruct  Erth           0%         3d5*      100%        5
 Summon Hydra             Summ           0%         N/A       100%        7


Dungeon Overview and Level Annotations

Branches:
Dungeon (6/15)             Temple (1/1) D:5

Altars:
Ashenzari
Dithmenos
Fedhas
Gozag
Nemelex Xobeh
Okawaru
Ru
Sif Muna
Uskayaw
Vehumet
Xom
Yredelemnul
Zin

Shops:
D:4 ?


Innate Abilities, Weirdness & Mutations

You can spit globs of acid.
Your golden yellow scales are hard. (AC +6)
You cannot fit into any form of body armour.
You are cold-blooded and may be slowed by cold attacks.
You are resistant to acid. (rCorr)


Message History

A wight is nearby!
A wight comes into view. It is wielding a +0 battleaxe.
The wight barely misses you.
You hit the wight. You tail-slap the wight.
The wight is moderately damaged.
The wight completely misses you.
You punch the wight!
You tail-slap the wight, but do no damage.
The wight is heavily damaged.
The wight hits you but does no damage.
You hit the wight.
You tail-slap the wight, but do no damage.
The wight is severely damaged.
The wight barely misses you.
You closely miss the wight.
The wight is severely damaged.
The wight hits you with a +2 mace of freezing.
You feel drained. The wight freezes you.
You closely miss the wight.
The wight is severely damaged.
The wight hits you with a +2 mace of freezing!
You feel drained.
You feel yourself slow down. The wight freezes you.
You hit the wight.
The wight is severely damaged.
The wight hits you with a +2 mace of freezing!
* * * LOW HITPOINT WARNING * * *
You feel drained.
* * * LOW HITPOINT WARNING * * *
The wight freezes you.
* * * LOW HITPOINT WARNING * * *
Press: ? - help, Shift-Dir - straight line, f - wight
Aim: a wight, wielding a +2 mace of freezing and wearing a +0 robe (severely damaged)
You spit a glob of acid.
The glob of acid hits the wight.
The wight is splashed with acid.
The acid corrodes the wight!
You destroy the wight!
You feel yourself speed up.
You feel your dexterity returning.
You barely miss the wight. The wight barely misses you.
You hit the wight but do no damage. The wight hits you with a +0 battleaxe!
You die...

... #.# #.# ... #.# # #.# ..#
##.####..#### ##...z@......#
#...###...#####) ...## #...#
#......... .# ....
##..#...###...####.## . ...#
...................... .
...#.###.................# .# #
...#..##..#...####.......##.#.##
................................
........................>.....#


You could see a wight.

Vanquished Creatures
  An ice beast (D:6)
  A black bear (D:6)
  A killer bee (D:5)
  A wight (D:6)
  A bullfrog zombie (D:5)
  A centaur zombie (D:6)
  A bullfrog skeleton (D:4)
  An iguana (D:5)
  An orc wizard (D:3)
  A howler monkey zombie (D:5)
  Robin (D:2)
  3 adders
  An adder skeleton (D:4)
  A worm (D:3)
  2 dart slugs
  6 orcs
  9 ball pythons
  5 bats
  10 endoplasms
  4 giant cockroaches
  12 goblins
  15 hobgoblins
  7 jackals
  A quokka (D:2)
  3 frilled lizards
  4 kobolds
  11 rats
105 creatures vanquished.

Vanquished Creatures (collateral kills)
  An ogre (D:6)
1 creature vanquished.

Grand Total: 106 creatures vanquished

Notes
Turn   | Place    | Note
-------+----------+-------------------------------------------
     0 | D:1      | pkoi the Draconian Monk began the quest for the Orb.
     0 | D:1      | Reached XP level 1. HP: 19/19 MP: 1/1
    86 | D:1      | Found a faded altar of an unknown god.
   276 | D:1      | Reached XP level 2. HP: 26/26 MP: 2/2
   565 | D:1      | Reached skill level 4 in Unarmed Combat
   810 | D:1      | Reached XP level 3. HP: 26/31 MP: 3/3
  1251 | D:2      | Noticed Robin
  1412 | D:2      | Killed Robin
  1413 | D:2      | Reached skill level 5 in Unarmed Combat
  1413 | D:2      | Reached XP level 4. HP: 28/38 MP: 4/4
  1565 | D:2      | You fall into a shaft and drop 1 floor!
  2493 | D:4      | Reached XP level 5. HP: 18/45 MP: 5/5
  2733 | D:4      | Reached skill level 6 in Unarmed Combat
  2877 | D:4      | Noticed an ogre
  3737 | D:4      | Found Geirph's Magic Scroll Shoppe.
  4069 | D:5      | Entered Level 5 of the Dungeon
  4078 | D:5      | Noticed a yak
  4078 | D:5      | Noticed a water moccasin
  4120 | D:5      | Found a staircase to the Ecumenical Temple.
  4131 | Temple   | Entered the Ecumenical Temple
  4512 | D:5      | Reached XP level 6. HP: 46/51 MP: 6/6
  4584 | D:5      | Reached skill level 7 in Unarmed Combat
  4954 | D:6      | Noticed an ice beast
  4977 | D:6      | Killed an ice beast
  4998 | D:6      | Reached skill level 8 in Unarmed Combat
  4998 | D:6      | Your scales start taking on a golden yellow colour.
  4998 | D:6      | Reached XP level 7. HP: 31/57 MP: 7/7
  4998 | D:6      | Gained mutation: You are resistant to acid. (rCorr) [Yellow
                  | Draconian growth]
  5162 | D:6      | Mangled by a wight

Illustrated notes

Levels and vault maps discovered:
D:1:      minmay_arrival_semitransparent, layout_basic,
          chequers_ecumenical_altar_simple
D:2:      layout_basic, uniq_robin
D:3:      layout_loops_ring
D:4:      layout_cave_pods, serial_shops, kennysheep_little_box
D:5:      layout_layer_cave, minmay_temple_entry_slanted,
          minmay_stone_trees_small
D:6:      layout_basic, uniq_crazy_yiuf_cottage
Temple:   nicolae_temple_figure_eight

Skill      XL: |  1  2  3  4  5  6 |
---------------+-------------------+-----
Unarmed Combat | 4 5 6 8 |  8.3
Fighting       | |  3.2
Dodging        | |  2.6
Stealth        | |  1.7

Action                   |  1- 3 |  4- 6 |  7- 9 || total
-------------------------+-------+-------+-------++-------
Melee: Unarmed           |   147 |   117 |     8 ||   272
       Tailslap          |    22 |    23 |     3 ||    48
       Punch             |     5 |     4 |       ||     9
       Spear             |       |    60 |       ||    60
Throw: Dart              |       |     8 |       ||     8
 Abil: Breathe Acid      |       |       |     1 ||     1
  Use: Scroll            |       |     7 |       ||     7
       Potion            |       |     5 |       ||     5
 Stab: Sleeping          |     2 |     6 |       ||     8
       Distracted        |     1 |       |       ||     1
Armor: Skin              |    54 |    52 |     1 ||   107
Dodge: Dodged            |   102 |   113 |     4 ||   219
